Map: Acropolis LE

Players

WarmupAcc - Winner!

  • Race: Terran Terran
  • League: Master
  • Spawn Location: 11:00

Faith

  • Race: Terran Terran
  • League: Diamond
  • Spawn Location: 5:00

VOD

Have the link to the VOD?

Description

Time

  • Played on: Sept. 14, 2019, 7:27 a.m.
  • Length: 10:40
Show
View Real Time Build Order
Export as new Build Order

WarmupAcc Terran - Winner!

Build Orders: 1/1/1, Liberator Opening 

Get SALT Encoding   

  12  0:00  SCV  
  13  0:12  SCV  
  14  0:17  Supply Depot  
  14  0:25  SCV  
  15  0:30  Refinery  
  15  0:38  SCV  
  16  0:44  Barracks  
  16  0:50  SCV  
  17  0:57  Refinery  
  17  1:03  SCV  
  18  1:15  SCV  
  19  1:27  SCV  
  19  1:32  Reaper  
  21  1:38  Factory  
  22  1:45  Supply Depot  
  21  1:49  Orbital Command  
  21  2:04  Reaper  
  22  2:16  SCV  
  23  2:23  Starport  
  23  2:24  Hellion  
  23  2:27  Supply Depot  
  25  2:30  SCV  
  25  2:36  Reaper  
  27  2:42  Liberator, SCV  
  28  2:46  Hellion  
  30  2:55  SCV  
  31  3:04  Supply Depot  
  34  3:10  Fusion Core  
  34  3:13  Hellion  
  34  3:16  SCV  
  35  3:32  Supply Depot  
  35  3:47  Starport Tech Lab  
  35  3:50  SCV  
  36  4:05  SCV  
  34  4:17  SCV  
  34  4:19  Battlecruiser  
  34  4:21  Command Center  
  34  4:23  Supply Depot  
  37  4:37  SCV  
  35  4:39  Factory Tech Lab, Barracks Reactor  
  35  4:47  Supply Depot  
  35  4:52  Bunker  
  35  5:02  Siege Tank  
  38  5:10  Command Center  
  38  5:15  Weapon Refit  
  38  5:16  Marine x2  
  39  5:24  SCV  
  39  5:31  Engineering Bay  
  39  5:37  Marine x2  
  39  5:39  Siege Tank  
  39  5:41  SCV  
  45  5:54  SCV  
  46  5:59  Marine x2  
  46  6:02  Missile Turret  
  48  6:07  Missile Turret  
  48  6:08  Missile Turret  
  48  6:15  Missile Turret  
  48  6:17  Marine x2  
  44  6:18  Raven  
  44  6:22  Orbital Command  
  46  6:29  SCV  
  47  6:34  Marine  
  47  6:35  Marine  
  47  6:36  Siege Tank  
  52  6:40  Bunker  
  52  6:41  SCV  
  52  6:45  Orbital Command  
  53  6:52  Marine x2  
  53  6:53  SCV  
  56  7:05  SCV  
  57  7:14  Barracks  
  57  7:15  Barracks  
  57  7:17  SCV x2  
  57  7:20  Terran Infantry Weapons Level 1  
  57  7:21  Marine, Factory Tech Lab  
  63  7:22  Stimpack  
  60  7:29  SCV  
  61  7:33  SCV  
  62  7:39  Marine  
  62  7:41  SCV  
  63  7:55  Siege Tank  
  63  7:57  Marine  
  66  8:00  SCV x2  
  66  8:02  Refinery  
  66  8:03  Command Center, Refinery  
  68  8:05  Barracks Reactor  
  68  8:08  Supply Depot  
  68  8:12  SCV  
  68  8:14  Marine  
  67  8:21  Marine x2, SCV  
  67  8:25  SCV  
  71  8:32  Marine  
  72  8:39  Marine x2, Siege Tank  
  75  8:42  Raven  
  75  8:46  Barracks  
  77  8:50  Marine, SCV x2  
  77  8:55  Barracks  
  80  8:57  Marine  
  80  9:09  Marine x4  
  84  9:15  Marine  
  84  9:16  Combat Shield  
  85  9:18  SCV  
  85  9:19  SCV  
  87  9:26  Marine  
  87  9:27  Marine x3  
  87  9:29  Barracks  
  87  9:30  Barracks  
  91  9:33  SCV, Starport  
  92  9:39  Marine  
  92  9:41  Barracks Reactor  
  92  9:42  Siege Tank, Barracks Reactor  
  92  9:44  Marine, SCV  
  98  9:45  Marine  
  98  9:46  Marine  
  98  9:50  SCV  
  101  9:56  SCV  
  102  10:00  Marine  
  102  10:02  SCV, Sensor Tower  
  104  10:08  SCV  
  104  10:09  Marine x2  
  104  10:10  Marine x2  
  109  10:25  Barracks Tech Lab x2  
Show
View Real Time Build Order
Export as new Build Order

Faith Terran 

Build Orders:  

Get SALT Encoding   

  12  0:00  SCV  
  13  0:12  SCV  
  14  0:17  Supply Depot  
  14  0:23  Refinery  
  14  0:28  SCV  
  15  0:40  SCV  
  16  0:49  Barracks  
  16  0:52  SCV  
  17  0:57  Refinery  
  17  1:04  SCV  
  18  1:19  SCV  
  19  1:37  Orbital Command, Reaper  
  19  1:39  Factory  
  20  1:52  Supply Depot  
  20  2:06  SCV  
  21  2:11  Reaper  
  22  2:18  SCV  
  25  2:22  Hellion  
  25  2:30  Command Center  
  25  2:35  SCV  
  26  2:43  Reaper  
  27  2:46  Hellion  
  27  2:47  SCV  
  30  2:55  Starport  
  30  3:00  SCV  
  30  3:02  Supply Depot  
  31  3:10  Factory Tech Lab  
  31  3:16  Barracks Tech Lab  
  31  3:22  SCV  
  28  3:30  Cyclone  
  28  3:34  Supply Depot  
  28  3:46  Barracks Reactor  
  21  4:03  Cyclone  
  17  4:35  SCV  
  15  4:44  Marine x2  
  17  4:55  Orbital Command  
  17  4:57  SCV  
  18  5:03  Marine x2  
  20  5:09  SCV  
  21  5:21  Marine x2  
  23  5:29  SCV x2  
  25  5:41  SCV  
  20  6:01  SCV x2  
  19  6:18  SCV x2  
  19  6:27  Starport Tech Lab  
  19  6:28  Marine x2  
  19  6:32  SCV  
  22  6:35  SCV, Refinery  
  23  6:43  Command Center  
  23  6:44  SCV  
  23  6:45  Cyclone  
  27  6:50  SCV  
  28  6:56  Marine x2  
  28  6:57  SCV  
  31  7:02  SCV  
  32  7:09  SCV  
  32  7:14  SCV  
  34  7:21  SCV  
  35  7:29  Raven  
  37  7:30  Marine x2  
  37  7:32  Cyclone  
  37  7:33  SCV  
  43  7:39  SCV  
  44  7:45  SCV  
  44  7:51  Marine x2, SCV  
  45  7:55  Mag-Field Accelerator  
  45  7:58  Factory  
  45  8:02  Orbital Command  
  45  8:17  SCV x2  
  42  8:39  SCV x3  
  44  8:41  Cyclone  
  44  8:42  Marine x2  
  44  8:44  Factory Tech Lab  
  48  8:51  SCV  
  37  9:17  Cyclone  
  37  9:18  Marine x2, Cyclone  
  45  9:25  SCV x2  
  45  9:37  SCV  
  46  9:38  Raven  
  48  9:53  Marine x2, Cyclone  
  48  9:55  SCV x2  
  48  9:58  Orbital Command  
  55  10:00  Barracks  
  55  10:01  Barracks  
  55  10:07  SCV  
  55  10:17  Marine  
  55  10:18  Marine  
  55  10:20  SCV  
Tags
 
Add a new tag
Caveats
  • Supply blocks, unpowered buildings, or Contaminate may cause inaccurate times.
  • Supply counts are checked every 10 seconds.